 Dungeon Crawl Stone Soup version 0.25-a0-420-g1cc7eeb0d1 (webtiles) character file.

Game seed: 7778243188564743321, levelgen mode: deterministic

76 Kohma the Chopper (level 4, -2/40 HPs)
             Began as a Hill Orc Abyssal Knight on Jan 18, 2020.
             Was a Follower of Lugonu.
             Slain by Sigmund
             ... wielding a +0 scythe
              (9 damage)
             ... on level 2 of the Dungeon.
             The game lasted 00:03:14 (2188 turns).

Kohma the Chopper (Hill Orc Abyssal Knight)         Turns: 2188, Time: 00:03:15

Health: -2/40      AC:  5    Str: 20    XL:     4   Next: 32%
Magic:  6/6        EV: 10    Int: 12    God:    Lugonu [*.....]
Gold:   101        SH:  0    Dex: 10    Spells: 3/3 levels left

rFire    . . .     SeeInvis .   a - +1 hand axe
rCold    . . .     Gourm    .   (no shield)
rNeg     . . .     Faith    .   h - +0 ring mail
rPois    .         Spirit   .   (no helmet)
rElec    .         Reflect  .   (no cloak)
rCorr    .         Harm     .   (no gloves)
MR       .....                  (no boots)
Stlth    ..........             (no amulet)
HPRegen  0.13/turn              (no ring)
MPRegen  0.10/turn              (no ring)

@: mighty
A: no striking features
a: Depart the Abyss, Renounce Religion


You were on level 2 of the Dungeon.
You worshipped Lugonu.
Lugonu was aware of your devotion.
You were not hungry.

You visited 1 branch of the dungeon, and saw 2 of its levels.
You visited the Abyss 1 time.

You collected 101 gold pieces.

Inventory:

Hand Weapons
 a - a +1 hand axe (weapon)
Missiles
 f - 11 poisoned darts (quivered)
Armour
 h - a +0 ring mail (worn)
Scrolls
 e - a scroll of magic mapping {unknown}
 g - 2 scrolls of teleportation {unknown}
 i - a scroll of remove curse {unknown}
 k - a scroll of random uselessness {unknown}
Potions
 d - a potion of might
 j - a potion of curing {unknown}
Comestibles
 c - 3 rations


   Skills:
 + Level 4.2 Fighting
 * Level 4.2 Axes
 + Level 2.9 Armour
 - Level 0.7 Dodging
 + Level 3.3 Invocations


You had 3 spell levels left.
You didn't know any spells.
Your spell library was empty.

Dungeon Overview and Level Annotations

Branches:
Dungeon (2/15)

Altars:

Annotations:
D:2 Sigmund


Message History

You closely miss the goblin.
The goblin is heavily wounded.
The goblin closely misses you. Something hits you.
You hit the goblin.
You kill the goblin!
Lugonu accepts your kill. Something hits you!
You see here a +0 club.
Okay, then.
You miss something. Something hits you but does no damage.
You barely miss something. Something hits you!
You barely miss something. Something hits you!
* * * LOW HITPOINT WARNING * * *
You miss something.
It was a potion of might.
You feel very mighty all of a sudden. Something hits you.
* * * LOW HITPOINT WARNING * * *
You miss something. Something hits you!
You die...

#.......# ##
#.#####.## #.
###...###. #
#......... ### #.
#.#...###. #..
#.##.##.## ##
#.####.......#####
#{#...............
#@#.#####.##.#####
#(# #.# .# #.#
#.##.## #.#
#.....# #.#.#
##....# #.#.#
#.#...... #.#.#
#.####### #.#.#
#.# #.#.# #.#


There were no monsters in sight!

Vanquished Creatures
  3 adders (D:2)
  A worm (D:2)
  A dart slug (D:1)
  2 leopard geckos (D:1)
  5 bats
  5 giant cockroaches
  7 goblins
  3 hobgoblins (D:1)
  5 frilled lizards
  5 kobolds
  7 rats
44 creatures vanquished.

Notes
Turn   | Place    | Note
-------+----------+-------------------------------------------
     0 | Abyss:1  | Kohma the Hill Orc Abyssal Knight began the quest for the
                  | Orb.
     0 | Abyss:1  | Reached XP level 1. HP: 19/19 MP: 2/2
    54 | Abyss:1  | Noticed a stone giant skeleton
    54 | Abyss:1  | Noticed a hellwing
    69 | Abyss:1  | Noticed an iron imp
    82 | D:1      | Escaped the Abyss
   407 | D:1      | Reached XP level 2. HP: 27/27 MP: 3/3
   572 | D:1      | Reached * piety under Lugonu
   688 | D:1      | Reached XP level 3. HP: 32/33 MP: 5/5
  1706 | D:2      | Reached XP level 4. HP: 36/40 MP: 6/6
  2176 | D:2      | Noticed Sigmund
  2188 | D:2      | Slain by Sigmund

Levels and vault maps discovered:
D:1:      roderic_octagonal_star, layout_basic, serial_park_tiny_pond
D:2:      layout_loops_ring, uniq_sigmund

Skill      XL: |  1  2  3 |
---------------+----------+-----
Axes           | 3 4 |  4.2
Invocations    | 3 |  3.3
Fighting       | 4 |  4.2
Armour         | |  2.9
Dodging        | |  0.7

Action                   |  1- 3 |  4- 6 || total
-------------------------+-------+-------++-------
Melee: Hand axe          |   108 |    35 ||   143
Invok: Depart the Abyss  |     1 |       ||     1
  Use: Potion            |       |     1 ||     1
  Eat: Chunk             |     3 |     1 ||     4
Armor: Leather armour    |    12 |       ||    12
       Ring mail         |    30 |     9 ||    39
Dodge: Dodged            |    82 |    11 ||    93

Table legend:
 A = Non-vault XP
 B = Vault XP
 C = Vault XP percentage of total XP
 D = Non-vault monster count
 E = Vault monster count
 F = Vault count percentage of total count
                 A         B        C        D         E       F
            +---------+---------+-------+---------+---------+-------
      Total |     109 |       0 |   0.0 |      44 |       0 |   0.0
            +---------+---------+-------+---------+---------+-------
        D:1 |      42 |       0 |   0.0 |      24 |       0 |   0.0
        D:2 |      67 |       0 |   0.0 |      20 |       0 |   0.0
            +---------+---------+-------+---------+---------+-------
